 Dungeon Crawl Stone Soup version bcrawl-1.26.1 (webtiles) character file.

Game seed: 11847416046215010807

200403 Freyura the Covert (level 8, -3/44 HPs)
             Began as a Felid Monk on July 10, 2020.
             Was a Believer of Dithmenos.
             Slain by a bullfrog (9 damage)
             ... on level 6 of the Dungeon.
             The game lasted 00:34:03 (5795 turns).

Freyura the Covert (Felid Monk)                     Turns: 5795, Time: 00:34:04

Health: -3/44      AC:  2    Str:  7    XL:     8   Next: 38%
Magic:  0/12       EV: 24    Int: 11    God:    Dithmenos [**....]
Gold:   487        SH:  0    Dex: 21    Spells: 7/7 levels left
                                        Lives:  0   Deaths: 2

rFire    + . .     SeeInvis +     - Teeth and claws (11.0)
rCold    . . .     Gourm    .   (shield unavailable)
rNeg     . . .     Faith    .   (armour unavailable)
rPois    .         Spirit   +   (helmet unavailable)
rElec    .         Reflect  .   (cloak restricted)
rCorr    .         Harm     .   (gloves unavailable)
MR       +....                  (boots unavailable)
Stlth    +++++++...             a - amulet of guardian spirit
HPRegen  0.14/turn              p - ring of protection from fire
MPRegen  0.13/turn              (no ring)

@: wreathed by umbra, quick
A: very small, no armour, no weapons or thrown items, stealth, claws 1, fangs 3,
see invisible, carnivore, speed 1, shaggy fur 2, slow metabolism 1, sharp paws
a: Shadow Step, Renounce Religion


You were on level 6 of the Dungeon.
You worshipped Dithmenos.
Dithmenos was pleased with you.
You were full.

You visited 2 branches of the dungeon, and saw 8 of its levels.

You collected 487 gold pieces.

Inventory:

Missiles
 h - 37 poisoned needles
Jewellery
 a - an amulet of guardian spirit (around neck)
 i - an uncursed amulet of regeneration
 p - a ring of protection from fire (left paw)
Wands
 k - a wand of paralysis (3)
 o - a wand of polymorph (5)
Scrolls
 b - 6 scrolls of remove curse
 d - a scroll of identify
 g - a scroll of summoning {unknown}
Potions
 c - a potion of haste
 f - 2 potions of flight
Comestibles
 e - 12 rations {!d}


   Skills:
 + Level 5.7 Fighting
 + Level 7.5 Dodging
 * Level 10.1 Stealth
 + Level 7.0 Unarmed Combat
 + Level 3.1 Invocations
 + Level 4.9 Evocations


You had 7 spell levels left.
You didn't know any spells.
Your spell library was empty.

Dungeon Overview and Level Annotations

Branches:
Dungeon (7/12)             Temple (1/1) D:6
   Lair: D:7-9

Altars:
Ashenzari
Cheibriados
Dithmenos
Elyvilon
Fedhas
Gozag
Hepliaklqana
Kikubaaqudgha
Makhleb
Nemelex Xobeh
Okawaru
Qazlal
Trog
Vehumet
Wu Jian
Yredelemnul
Zin
The Shining One

Annotations:
D:7 Menkaure


Innate Abilities, Weirdness & Mutations

You cannot wear almost all types of armour.
You are incapable of wielding weapons or throwing items.
Your paws allow you to move quietly. (Stealth)
You have sharp claws.
You have razor-sharp teeth.
You have supernaturally acute eyesight. (SInv)
You are carnivorous and can eat meat at any time.
You cover ground quickly.
You are covered in thick fur. (AC +2)
You have a slow metabolism.
Your sharp claws are effective at attacking unaware monsters.


Message History

The bullfrog completely misses you. The bullfrog closely misses you.
There is a stone staircase leading up here.
The bullfrog barely misses you. The bullfrog hits you. x2
You climb upwards.
There is a stone staircase leading down here.
You claw the bullfrog! Your bite misses the bullfrog.
The bullfrog is almost dead.
The bullfrog hits you!
* * * LOW HITPOINT WARNING * * *
The bullfrog misses you.
You scratch the bullfrog.
You kill the bullfrog!
Dithmenos accepts your kill.
You scratch the bullfrog.
The bullfrog is lightly wounded.
The bullfrog closely misses you.
You scratch the bullfrog.
The bullfrog is moderately wounded.
The bullfrog hits you!
You die...

...###....# #..# #.###...##
.....#....# ##.## #........#
†..#......####..# ###......#
...###.....#....# #......#
.....#........#.## #......#
.....#......#....### #......#
.....#......####...# #......#
.....###....# #.#.#####......#
.....####...####@#.#..........###
###........)...#F#.#....).......[
##....................#)#....##
######..##.##.##....b#...####
#..##..#.###.......## #...##.#.#
#....#.## #...##...#####.##.#
#..............##.#
#..###.....######.#


You could see a bullfrog.

Vanquished Creatures
  A two-headed ogre (D:6)
  A hippogriff (D:3)
  A hungry ghost (D:6)
  Edmund (D:6)
  3 orc warriors
  5 ogres
  3 sky beasts
  A centaur (D:6)
  6 bullfrogs
  A gnoll sergeant (D:6)
  A big kobold (D:6)
  A killer bee (D:6)
  A water moccasin skeleton (D:5)
  A howler monkey (D:4)
  2 crimson imps
  A bullfrog zombie (D:6)
  A gnoll shaman (D:4)
  2 hounds (D:4)
  2 jellies
  2 iguanas (D:5)
  Ijyb (D:4)
  5 orc wizards
  3 worker ants
  A killer bee zombie (D:5)
  A hound skeleton (D:5)
  10 gnolls
  9 adders
  2 oozes
  5 worms
  3 dart slugs
  4 leopard geckos
  21 orcs
  3 giant cockroaches
  2 gnoll zombies (D:3)
  11 hobgoblins
  16 jackals
  9 quokkas
  7 bats
  9 frilled lizards
  10 goblins
  12 kobolds
  4 rats
185 creatures vanquished.

Vanquished Creatures (collateral kills)
  An orc (D:3)
1 creature vanquished.

Vanquished Creatures (others)
  2 fungi (D:7)
2 creatures vanquished.

Grand Total: 188 creatures vanquished

Notes
Turn   | Place    | Note
-------+----------+-------------------------------------------
     0 | D:1      | Freyura the Felid Monk began the quest for the Orb.
     0 | D:1      | Reached XP level 1. HP: 12/12 MP: 3/3
   178 | D:1      | Reached XP level 2. HP: 16/16 MP: 4/4
   664 | D:1      | Reached XP level 3. HP: 20/20 MP: 5/5
   872 | D:2      | Found a bloodstained altar of Trog.
  1281 | D:2      | Reached skill level 4 in Stealth
  1392 | D:2      | Found a snail-covered altar of Cheibriados.
  1527 | D:3      | Reached skill level 1 in Evocations
  1527 | D:3      | Reached XP level 4. HP: 24/24 MP: 6/6
  1527 | D:3      | Noticed an orc warrior
  1529 | D:3      | Killed an orc warrior
  1542 | D:3      | Reached XP level 5. HP: 19/28 MP: 4/7
  1622 | D:3      | Reached skill level 5 in Dodging
  1622 | D:3      | Reached skill level 5 in Stealth
  1622 | D:3      | Noticed a hippogriff
  1722 | D:2      | Found a sparkling altar of Nemelex Xobeh.
  1777 | D:3      | Gained mutation: You are covered in thick fur. (AC +2)
                  | [Felid growth]
  1777 | D:3      | Reached XP level 6. HP: 31/33 MP: 8/8
  1907 | D:3      | Killed a hippogriff
  2151 | D:3      | Found a basalt altar of Yredelemnul.
  2239 | D:3      | Found a glowing golden altar of the Shining One.
  2340 | D:3      | Reached skill level 5 in Unarmed Combat
  2595 | D:4      | Reached skill level 6 in Stealth
  2717 | D:4      | Reached XP level 7. HP: 37/37 MP: 9/9
  2911 | D:4      | Reached skill level 7 in Stealth
  3240 | D:4      | Noticed Ijyb
  3261 | D:4      | Killed Ijyb
  3483 | D:4      | Found a glowing silver altar of Zin.
  3538 | D:5      | Entered Level 5 of the Dungeon
  3889 | D:5      | Found a sparkling altar of Nemelex Xobeh.
  4068 | D:5      | Found a blossoming altar of Fedhas.
  4417 | D:6      | Reached XP level 8. HP: 42/42 MP: 11/11
  4444 | D:5      | Slain by a bullfrog
  4445 | D:5      | Reached XP level 7. HP: -4/38 MP: 0/10
  4506 | D:6      | Reached skill level 8 in Stealth
  4605 | D:6      | Reached skill level 5 in Fighting
  4605 | D:6      | Reached skill level 9 in Stealth
  4605 | D:6      | Reached XP level 8. HP: 43/43 MP: 10/12
  4605 | D:6      | Noticed a two-headed ogre
  4615 | D:6      | Killed a two-headed ogre
  5104 | D:6      | Found a staircase to the Ecumenical Temple.
  5112 | Temple   | Entered the Ecumenical Temple
  5163 | Temple   | Became a worshipper of Dithmenos the Shadowed
  5163 | Temple   | Reached * piety under Dithmenos
  5163 | Temple   | Reached ** piety under Dithmenos
  5182 | D:6      | Noticed Edmund
  5211 | D:6      | Killed Edmund
  5318 | D:6      | HP: 2/44 [poisoned by a killer bee]
  5320 | D:6      | Succumbed to a killer bee's poison
  5321 | D:6      | Reached XP level 7. HP: 0/39 MP: 3/11
  5766 | D:7      | Reached XP level 8. HP: 44/44 MP: 12/12
  5766 | D:7      | Noticed Menkaure
  5769 | D:7      | Reached skill level 10 in Stealth
  5795 | D:6      | Slain by a bullfrog

Skill      XL: |  1  2  3  4  5  6  7  8 |
---------------+-------------------------+-----
Unarmed Combat | 4 5 6 7 |  7.0
Stealth        | 4 5 6 9 10 | 10.1
Evocations     | 1 2 4 |  4.9
Dodging        | 5 6 7 |  7.5
Fighting       | 4 5 |  5.7
Invocations    | 3 |  3.1

Action                   |  1- 3 |  4- 6 |  7- 9 || total
-------------------------+-------+-------+-------++-------
Melee: Unarmed           |   144 |   128 |   380 ||   652
       Bite              |     7 |    12 |    48 ||    67
       Punch             |     1 |     2 |     9 ||    12
Evoke: Wand              |     3 |     5 |    10 ||    18
  Use: Scroll            |       |     2 |     7 ||     9
       Potion            |       |       |     1 ||     1
 Stab: Sleeping          |    16 |    12 |     9 ||    37
       Distracted        |     1 |       |     1 ||     2
       Paralysed         |       |     2 |     5 ||     7
  Eat: Chunk             |     5 |     6 |    17 ||    28
Armor: Skin              |     9 |     2 |    12 ||    23
Dodge: Dodged            |   106 |   141 |   283 ||   530
